AoeStats
← GuLy San (10)

Arabia

510190758Analyzed
1v1 RM · 4d ago on Sep 29, 2026· 21m 44s· 2 players
Game mode
Random Map
Map size
Tiny (2 player)
Population
200
Speed
Normal
Resources
Standard
Victory
Conquest
Starting age
Dark Age
Ending age
Imperial Age
RankedLock teamsTeams togetherTeam positionsShared explorationLock speedFull tech treeHidden civsTurbo modeCheats
Victory
Defeat
🇦🇷 Maya · Argentina
826
+17
🇫🇷 Britons · France
844
-17
GuLy San (10)
0:25 Loom
10:31 Feudal Age
11:11 Horse Collar
11:17 Double-Bit Axe
17:25 Fletching
19:05 Padded Archer Armor
24:02 Castle Age
Guytan57
4:45 Loom
10:20 Feudal Age
13:17 Loom
15:18 Double-Bit Axe
15:17 Horse Collar
17:40 Stone Mining
17:42 Gold Mining
22:39 Castle Age
Connection lost

Rejoining the realm…

Still unreachable

The connection could not be restored.

Session expired

The server has moved on; the page needs a fresh start.